AoeStats
← Obelix

Arena

507846566Analyzed
1v1 RM · 14d ago on Sep 19, 2026· 47m 13s· 2 players
Game mode
Random Map
Map size
Tiny (2 player)
Population
200
Speed
Normal
Resources
Standard
Victory
Conquest
Starting age
Dark Age
Ending age
Imperial Age
RankedLock teamsTeams togetherTeam positionsShared explorationLock speedFull tech treeHidden civsTurbo modeCheats
Victory
Defeat
🇦🇺 Bengalis · Australia
713
+36
🇪🇸 Britons · Spain
734
-17
Obelix
2:53 Loom
10:33 Feudal Age
13:43 Fletching
19:25 Castle Age
18:08 Padded Archer Armor
18:00 Double-Bit Axe
20:17 Bodkin Arrow
20:39 Leather Archer Armor
20:37 Bow Saw
20:13 Elite Skirmisher
22:15 Scale Barding Armor
23:22 Horse Collar
25:31 Forging
26:11 Pikeman
29:40 Iron Casting
29:28 Chain Barding Armor
29:22 Heavy Plow
32:49 Bloodlines
32:44 Husbandry
32:48 Scale Mail Armor
32:47 Gold Mining
32:50 Stone Mining
35:06 Chain Mail Armor
39:46 Imperial Age
37:54 Wheelbarrow
37:07 Town Watch
39:20 Ballistics
38:57 Murder Holes
40:14 Squires
41:05 Conscription
40:08 Elite Ratha (Ranged)
41:25 Bracer
41:56 Ring Archer Armor
46:33 Chemistry
45:15 Treadmill Crane
45:46 Masonry
Semicalvo
10:34 Feudal Age
12:44 Double-Bit Axe
12:51 Gold Mining
17:13 Fletching
17:33 Padded Archer Armor
22:45 Castle Age
20:52 Horse Collar
22:46 Crossbowman
25:21 Gold Shaft Mining
25:07 Bow Saw
27:26 Wheelbarrow
27:48 Bodkin Arrow
28:48 Leather Archer Armor
27:56 Elite Skirmisher
28:48 Stone Mining
29:34 Heavy Plow
30:26 Light Cavalry
31:22 Forging
31:40 Husbandry
31:41 Town Watch
33:58 Iron Casting
34:19 Hand Cart
33:52 Loom
35:02 Scale Barding Armor
40:10 Imperial Age
39:57 Ballistics
41:48 Arbalester
43:01 Conscription
43:10 Yeomen
42:35 Onager
43:25 Bracer
44:59 Ring Archer Armor
46:26 Blast Furnace
45:47 Chain Barding Armor
Connection lost

Rejoining the realm…

Still unreachable

The connection could not be restored.

Session expired

The server has moved on; the page needs a fresh start.